 Dungeon Crawl Stone Soup version 0.20.1-1-g8b1a95d (webtiles) character file.

25880 letownia2 the Reanimator (level 12, 83/114 HPs)
             Began as a Deep Dwarf Necromancer on Nov 4, 2017.
             Was an Initiate of Gozag.
             Quit the game on level 13 of the Dungeon.
             The game lasted 01:11:14 (18594 turns).

letownia2 the Reanimator (Deep Dwarf Necromancer)  Turns: 18594, Time: 01:11:15

Health: 83/114     AC: 20    Str: 15    XL:     12   Next: 93%
Magic:  18/25      EV: 11    Int: 18    God:    Gozag
Gold:   123        SH:  0    Dex: 13    Spells: 15/30 levels left

rFire    . . .     SeeInvis .   T - +2 whip (flame)
rCold    . . .     Gourm    +   (no shield)
rNeg     . . .     Faith    .   U - +0 scale mail
rPois    .         Spirit   .   y - +2 helmet
rElec    .         Reflect  .   q - +1 cloak
rCorr    .         Harm     .   F - +1 pair of gloves
MR       +....                  (no boots)
Stlth    +.........             k - amulet of the gourmand
Regen    0.0/turn               t - ring of wizardry
MPRegen  0.2/turn               n - +5 ring of protection

@: non-regenerating
A: damage resistance, heal wounds, sense surroundings 2, no regeneration
a: Heal Wounds, Potion Petition, Call Merchant, Bribe Branch, Renounce Religion


You were on level 13 of the Dungeon.
You worshipped Gozag.
Gozag was aware of your devotion.
You were not hungry.

You visited 4 branches of the dungeon, and saw 18 of its levels.
You also visited: Labyrinth and Sewer.

You collected 3827 gold pieces.
You paid 3704 gold pieces to Gozag.

Inventory:

Hand Weapons
 a - a +1 dagger of electrocution
 p - a +0 battleaxe
 B - a +0 antimagic war axe
 T - a +2 whip of flaming (weapon)
 Z - a +0 war axe
Missiles
 m - 69 poisoned needles
 s - a throwing net (quivered)
 u - 12 javelins
Armour
 q - a +1 cloak (worn)
 y - a +2 helmet (worn)
 F - a +1 pair of gloves (worn)
 R - a +2 leather armour of cold resistance
 U - a +0 scale mail (worn)
Magical Staves
 S - an uncursed staff of air
Jewellery
 k - an amulet of the gourmand (around neck)
 n - a +5 ring of protection (right hand)
 t - a ring of wizardry (left hand)
 w - an uncursed ring of see invisible
 C - an uncursed ring of flight
 M - an uncursed ring of positive energy
Wands
 b - a wand of polymorph (10/24)
 f - a wand of acid (10/15)
 g - a wand of digging (14/24)
 o - a wand of confusion (31/48)
 r - a wand of flame (4/48)
 L - a wand of lightning (6/15)
 N - a wand of confusion (31/48)
 X - a wand of lightning (5/15)
 Y - a wand of random effects (6/48)
Scrolls
 j - 12 scrolls of teleportation
 A - 3 scrolls of recharging
 I - a scroll of fear
 Q - 11 scrolls of remove curse
 W - 2 scrolls of fog
Potions
 h - 4 potions of lignification
 l - a potion of might
 v - 4 potions of curing
 x - 2 potions of haste
 z - 2 potions of magic
 D - 2 potions of resistance
 G - 2 potions of flight
 J - 4 potions of mutation
 K - 3 potions of brilliance {unknown}
 O - 5 potions of heal wounds {unknown}
 P - a potion of berserk rage
 V - a potion of agility
Miscellaneous
 i - a sack of spiders
Comestibles
 c - 10 bread rations
 d - 7 meat rations


   Skills:
 - Level 9.2 Fighting
 + Level 0.0 Axes
 - Level 6.4 Armour
 - Level 3.2 Dodging
 - Level 2.4 Stealth
 - Level 9.7 Spellcasting
 - Level 3.0 Conjurations
 + Level 13.1 Necromancy
 - Level 2.7 Translocations
 - Level 3.0 Fire Magic
 - Level 4.1 Air Magic
 - Level 2.2 Poison Magic
 - Level 4.3 Evocations


You had 15 spell levels left.
You knew the following spells:

 Your Spells              Type           Power        Failure   Level  Hunger
a - Pain                  Necr           ####         1%          1    None
b - Blink                 Tloc           N/A          6%          2    None
c - Conjure Flame         Conj/Fire      ###.....     10%         3    None
e - Mephitic Cloud        Conj/Pois/Air  ###.....     9%          3    None
g - Gell's Gravitas       Tloc           ###.......   11%         3    None
v - Vampiric Draining     Necr           ######....   1%          3    None


Dungeon Overview and Level Annotations

Branches:
Dungeon (13/15)            Temple (1/1) D:5            Lair (2/6) D:8
 Shoals (0/4) Lair:2       Spider (0/4) Lair:2          Orc (2/2) D:12
    Elf: Orc:2       Vaults: D:13-14

Altars:
Ashenzari
Cheibriados
Dithmenos
Elyvilon
Fedhas
Gozag
Hepliaklqana
Kikubaaqudgha
Makhleb
Nemelex Xobeh
Okawaru
Qazlal
Ru
Sif Muna
Trog
Uskayaw
Vehumet
Xom
Yredelemnul
Zin
The Shining One
Beogh
Lugonu

Shops:
D:8 [   D:9 !   D:11 =[=   D:13 [[[((   Lair:2 (

Annotations:
D:2 WOODS
D:4 exclusion: jackal
D:12 Gastronok
Lair:2 exclusions: downstairs and oklob plant
Orc:2 Jazqa's ghost, journeyman MiFi


Innate Abilities, Weirdness & Mutations

You are resistant to damage.
You can heal yourself by infusing magical energy.
You passively map the area around you.
You do not regenerate.


Message History

Evoke which item? (* to show all) (? for menu, Esc to quit)
Aiming: Dig (will waste charges)
Press: ? - help, Shift-Dir - straight line The rock shatters into small pieces.
Evoking this partially-identified wand wasted a few charges.
Your skill with magical items lets you calculate the power of this device...
This wand has 14 charges left.
Found 22 gold pieces.
The worker ant twitches its antennae in your direction.
You currently need 1600 gold to open negotiations with a merchant.
There is a stone staircase leading up here.
Put on which piece of jewellery? (? for menu, Esc to quit)
Okay, then.
Wear which item? (? for menu, Esc to quit)
That's the wrong kind of item! (Use * to select it.) Wear which item? (? for menu, Esc to quit)
Okay, then.
Evoke which item? (* to show all) (? for menu, Esc to quit)
Okay, then.
Are you sure you want to abandon this character and quit the game? (Confirm with "yes".)

.....###.### #.#
...........# #.#
....####.#.## #####.#
.##..(......# #.....#
8.%∩..8...>.###..PP.#
####.............∩P.##
#...(........PPP..#
####................$#
............a...@....#
####....O...........##
................#####
..##............#
#.########..#####
#...........#******
###....####......,**
..∩∩.#.#***......,,**
######..#*,.......,,*


You could see a worker ant.

Vanquished Creatures
  A minotaur (Lab)
  3 hydras
  4 two-headed ogres
  2 wolf spiders (Lair:2)
  An ugly thing (D:11)
  2 orc sorcerers (Orc:1)
  Maurice (D:12)
  4 cyclopes
  A black mamba (Lair:2)
  A centaur zombie (D:12)
  4 spiny frogs
  Joseph (D:7)
  A gargoyle (D:12)
  A kobold demonologist (D:12)
  6 komodo dragons
  3 trolls
  A hornet (Lair:2)
  5 hippogriffs
  A tarantella (Lair:2)
  A basilisk (D:11)
  23 yaks
  2 hungry ghosts
  A wraith (D:12)
  Menkaure (D:7)
  A warg (D:12)
  2 water moccasins (Lair:1)
  An acid dragon (D:12)
  5 porcupines
  An eye of draining (D:11)
  11 orc warriors
  2 black bears (D:8)
  3 ice beasts (D:7)
  4 sky beasts
  7 ogres
  A phantom (D:8)
  3 centaurs
  7 crocodiles
  A big kobold (D:8)
  5 bullfrogs
  4 scorpions
  2 wights (D:8)
  2 howler monkeys
  3 electric eels (Lair:2)
  A bullfrog zombie (D:9)
  A crimson imp (D:12)
  3 hounds
  4 jellies
  10 orc priests
  10 orc wizards
  A centaur skeleton (D:12)
  A bullfrog skeleton (D:7)
  Terence (D:2)
  4 iguanas
  7 worker ants
  A killer bee zombie (D:7)
  2 hound zombies
  2 worker ant zombies
  2 howler monkey zombies
  A gnoll (shapeshifter) (D:9)
  24 adders
  An adder (shapeshifter) (D:9)
  2 shadow imps
  An ooze (D:4)
  2 adder zombies
  A worm (D:3)
  14 leopard geckos
  51 orcs
  7 giant cockroaches
  3 goblins
  5 hobgoblins
  15 jackals
  11 kobolds
  A quokka (D:4)
  6 ball pythons
  7 bats
  7 frilled lizards
  A jackal skeleton (D:6)
  2 leopard gecko skeletons
  A leopard gecko zombie (D:8)
  6 rats
  A fungus (Lair:1)
  3 plants (Sewer)
359 creatures vanquished.

Vanquished Creatures (others)
  21 fungi
  15 plants
36 creatures vanquished.

Grand Total: 395 creatures vanquished

Notes
Turn   | Place    | Note
-------+----------+-------------------------------------------
     0 | D:1      | letownia2 the Deep Dwarf Necromancer began the quest for the Orb.
     0 | D:1      | Reached XP level 1. HP: 15/15 MP: 3/3
   631 | D:2      | Noticed Terence
   651 | D:2      | Reached XP level 2. HP: 22/22 MP: 3/5
   795 | D:3      | Found a sacrificial altar of Ru.
  1020 | D:4      | Reached skill level 5 in Necromancy
  1070 | D:4      | Reached XP level 3. HP: 28/28 MP: 0/6
  1075 | D:4      | Learned a level 3 spell: Vampiric Draining
  1079 | D:4      | Found a stormy altar of Qazlal.
  1079 | D:4      | Noticed a scorpion
  1105 | D:4      | Reached skill level 6 in Necromancy
  1105 | D:4      | Reached XP level 4. HP: 36/36 MP: 1/7
  1325 | D:4      | Found a glowing drain.
  1419 | Sewer    | Entered a sewer
  2633 | D:4      | Reached XP level 5. HP: 42/42 MP: 2/8
  2691 | D:4      | Reached skill level 1 in Armour
  2691 | D:4      | Reached skill level 7 in Necromancy
  2695 | D:4      | Noticed an ogre
  3003 | D:5      | Entered Level 5 of the Dungeon
  3276 | D:4      | Reached XP level 6. HP: 28/49 MP: 2/9
  3413 | D:5      | Found a snail-covered altar of Cheibriados.
  3606 | D:5      | Reached skill level 1 in Fighting
  3622 | D:4      | Learned a level 3 spell: Conjure Flame
  3625 | D:4      | Learned a level 2 spell: Blink
  3671 | D:5      | Found a staircase to the Ecumenical Temple.
  3680 | Temple   | Entered the Ecumenical Temple
  3694 | Temple   | Became a worshipper of Gozag Ym Sagoz the Greedy
  4302 | D:3      | Found an iron altar of Okawaru.
  4303 | D:3      | Found a bloodstained altar of Trog.
  4396 | D:2      | Found a basalt altar of Yredelemnul.
  5076 | D:2      | Killed Terence
  5233 | D:2      | Found a white marble altar of Elyvilon.
  5415 | D:6      | Found a deep blue altar of Sif Muna.
  5429 | D:6      | Reached XP level 7. HP: 40/57 MP: 6/12
  5434 | D:6      | Found a sparkling altar of Nemelex Xobeh.
  5652 | D:6      | Learned a level 3 spell: Mephitic Cloud
  5900 | D:6      | Reached skill level 1 in Conjurations
  5900 | D:6      | Reached skill level 1 in Translocations
  6200 | D:6      | Reached skill level 1 in Fire Magic
  6200 | D:6      | Reached skill level 1 in Air Magic
  6200 | D:6      | Reached skill level 1 in Poison Magic
  6494 | D:7      | Noticed Joseph
  6556 | D:7      | Killed Joseph
  6556 | D:7      | Reached XP level 8. HP: 31/64 MP: 7/14
  7048 | D:7      | Reached skill level 8 in Necromancy
  7168 | D:7      | Noticed Menkaure
  7269 | D:7      | Found a shattered altar of Ashenzari.
  7284 | D:7      | Reached skill level 5 in Spellcasting
  7375 | D:7      | Gained mutation: You passively map the area around you. [Deep Dwarf growth]
  7375 | D:7      | Reached XP level 9. HP: 51/70 MP: 9/16
  7623 | D:7      | Reached skill level 9 in Necromancy
  7694 | D:7      | Killed Menkaure
  7842 | D:8      | Noticed a two-headed ogre
  7895 | D:8      | Found a staircase to the Lair.
  8482 | D:8      | Reached skill level 1 in Evocations
  8994 | D:9      | Learned a level 3 spell: Gell's Gravitas
  9114 | D:9      | Found a shadowy altar of Dithmenos.
  9232 | D:9      | Found a shimmering altar of Xom.
  9232 | D:9      | Found a shimmering altar of Xom.
  9232 | D:9      | Found a shimmering altar of Xom.
  9232 | D:9      | Found a shimmering altar of Xom.
  9320 | D:9      | Found a shimmering altar of Xom.
  9320 | D:9      | Found a shimmering altar of Xom.
  9320 | D:9      | Found a shimmering altar of Xom.
  9320 | D:9      | Found a shimmering altar of Xom.
  9405 | D:10     | Entered Level 10 of the Dungeon
  9449 | D:10     | Reached XP level 10. HP: 75/80 MP: 7/21
  9624 | D:9      | Found Qebbonor's Distillery.
  9932 | D:10     | Noticed a two-headed ogre
 10033 | D:10     | Killed a two-headed ogre
 10536 | D:11     | Noticed a cyclops
 10598 | D:11     | Killed a two-headed ogre
 10746 | D:11     | Killed a cyclops
 10825 | D:11     | Found Viblye Tiowk's Armour Emporium.
 10826 | D:11     | Found Kuqe's Jewellery Shop.
 11041 | D:11     | Noticed a brown ugly thing
 11047 | D:11     | Noticed a cyclops
 11048 | D:11     | Killed a brown ugly thing
 11205 | D:11     | Found a radiant altar of Vehumet.
 11274 | D:11     | Reached XP level 11. HP: 79/90 MP: 6/24
 11772 | Lair:1   | Entered Level 1 of the Lair of Beasts
 11805 | Lair:1   | Reached skill level 10 in Necromancy
 12142 | Lair:1   | Noticed a six-headed hydra
 12151 | Lair:1   | Killed a six-headed hydra
 12151 | Lair:1   | Reached skill level 5 in Fighting
 12151 | Lair:1   | Reached skill level 5 in Armour
 12766 | Lair:1   | Reached skill level 11 in Necromancy
 13544 | Lair:2   | Noticed a wolf spider
 13617 | Lair:2   | Killed a wolf spider
 13660 | Lair:2   | Noticed a wolf spider
 13668 | Lair:2   | Killed a wolf spider
 13837 | Lair:2   | Found a hole to the Spider Nest.
 13940 | Lair:2   | Noticed a six-headed hydra
 13991 | Lair:2   | Killed a six-headed hydra
 13991 | Lair:2   | Reached XP level 12. HP: 51/109 MP: 9/25
 14301 | Lair:2   | Reached skill level 12 in Necromancy
 15212 | D:12     | Found a staircase to the Orcish Mines.
 15261 | D:12     | Noticed a two-headed ogre
 15281 | D:12     | Killed a two-headed ogre
 15488 | D:12     | Noticed Maurice
 15507 | D:12     | Killed Maurice
 15616 | D:12     | Noticed an eight-headed hydra
 15631 | D:12     | Killed an eight-headed hydra
 15926 | D:12     | Noticed Gastronok
 16308 | D:12     | Found a roughly hewn altar of Beogh.
 16387 | D:12     | Reached skill level 13 in Necromancy
 16706 | Orc:1    | Entered Level 1 of the Orcish Mines
 17025 | Orc:1    | Noticed a two-headed ogre
 17067 | Orc:1    | Killed a two-headed ogre
 17379 | Orc:2    | Entered Level 2 of the Orcish Mines
 17383 | Orc:2    | Noticed Jazqa's ghost (journeyman MiFi)
 17769 | D:13     | Found Acayfuaz's Antique Weapon Shop.
 17802 | D:13     | Found Okif's Antique Weapon Shop.
 17803 | D:13     | Found Toacyth's Antique Armour Shoppe.
 17819 | D:13     | Noticed a tengu warrior
 17829 | D:13     | Noticed a centaur warrior
 17856 | D:13     | Found Semattog's Antique Armour Shoppe.
 17866 | D:13     | Found a labyrinth entrance.
 17874 | D:13     | Noticed a death knight
 17875 | Lab      | Entered a labyrinth
 18500 | Lab      | Noticed a minotaur
 18514 | Lab      | Killed a minotaur
 18526 | Lab      | Identified the Collected Works on Stones
 18534 | Lab      | Identified the Reference Book on the Mountains and the Glacier
 18594 | D:13     | Quit the game

Skill      XL: |  1  2  3  4  5  6  7  8  9 10 11 12 |
---------------+-------------------------------------+-----
Spellcasting   | 2 3 4 5 7 9 |  9.7
Necromancy     | 5 6 7 8 9 11 13 | 13.1
Armour         | 2 5 6 |  6.4
Fighting       | 1 3 7 9 |  9.2
Conjurations   | 2 3 |  3.0
Translocations | 2 |  2.7
Fire Magic     | 2 3 |  3.0
Air Magic      | 1 3 4 |  4.1
Poison Magic   | 1 2 |  2.2
Evocations     | 2 4 |  4.3
Dodging        | 3 |  3.2
Stealth        | |  2.4

Action                   |  1- 3 |  4- 6 |  7- 9 | 10-12 || total
-------------------------+-------+-------+-------+-------++-------
Melee: Dagger            |     6 |   797 |   630 |   700 ||  2133
Throw: Throwing net      |       |       |     1 |       ||     1
 Cast: Pain              |    41 |    59 |    15 |   124 ||   239
       Vampiric Draining |       |    10 |    48 |   184 ||   242
       Mephitic Cloud    |       |       |     6 |    35 ||    41
       Conjure Flame     |       |       |    11 |    60 ||    71
       Gell's Gravitas   |       |       |     1 |     6 ||     7
       Blink             |       |       |       |     8 ||     8
Invok: Call Merchant     |       |       |     1 |     3 ||     4
Evoke: Wand              |       |       |       |    38 ||    38
  Use: Scroll            |       |       |    12 |    15 ||    27
 Stab: Sleeping          |       |     3 |     1 |     4 ||     8
       Distracted        |       |     1 |       |       ||     1
       Confused          |       |       |     5 |     7 ||    12
       Held in net/web   |       |       |     1 |       ||     1
  Eat: Chunk             |     9 |    19 |       |       ||    28
       Royal jelly       |       |       |     1 |     5 ||     6
       Meat ration       |       |       |     3 |     3 ||     6
       Fruit             |       |       |       |     6 ||     6
Armor: Leather armour    |     9 |    61 |     4 |   384 ||   458
       Ring mail         |       |   159 |   357 |       ||   516
       Scale mail        |       |       |       |   121 ||   121
Dodge: Dodged            |    18 |   274 |   372 |   612 ||  1276
